AoeStats
← and0608

Four Lakes

508712956Analyzed
1v1 RM · 8d ago on Sep 23, 2026· 25m 55s· 2 players
Game mode
Random Map
Map size
Tiny (2 player)
Population
200
Speed
Normal
Resources
Standard
Victory
Conquest
Starting age
Dark Age
Ending age
Imperial Age
RankedLock teamsTeams togetherTeam positionsShared explorationLock speedFull tech treeHidden civsTurbo modeCheats
Victory
Defeat
🇨🇭 Bulgarians · Switzerland
876
+15
🇫🇷 Franks · France
862
-41
psevanp
11:43 Feudal Age
9:59 Loom
16:30 Castle Age
15:37 Scale Barding Armor
17:02 Forging
20:03 Double-Bit Axe
25:06 Chain Barding Armor
and0608
10:07 Loom
12:00 Feudal Age
12:50 Double-Bit Axe
12:57 Fishing Lines
16:25 Scale Mail Armor
16:36 Forging
16:32 Gold Mining
18:54 Castle Age
17:39 Arson
19:23 Gambesons
20:49 Gold Shaft Mining
20:04 Horse Collar
20:30 Gillnets
22:52 Chain Mail Armor
23:13 Iron Casting
24:40 Squires
24:19 Pikeman
Connection lost

Rejoining the realm…

Still unreachable

The connection could not be restored.

Session expired

The server has moved on; the page needs a fresh start.